Map: Site Delta LE

Players

Subwayeatn - Winner!

  • Race: Zerg Zerg
  • League: Platinum
  • Spawn Location: 11:00

Bertxi

  • Race: Terran Terran
  • League: Diamond
  • Spawn Location: 5:00

VOD

Have the link to the VOD?

Description

Time

  • Played on: Nov. 8, 2023, 1:12 p.m.
  • Length: 16:32
Show
View Real Time Build Order
Export as new Build Order

Subwayeatn Zerg - Winner!

Build Orders: Hatch First, Lurkers 

Get SALT Encoding   

  12  0:00  Drone  
  13  0:13  Overlord  
  13  0:20  Drone  
  14  0:31  Drone x2  
  16  0:50  Hatchery  
  15  0:57  Drone x2  
  15  0:58  Drone  
  15  1:01  Extractor  
  17  1:15  Spawning Pool  
  17  1:18  Drone  
  17  1:21  Drone  
  18  1:29  Drone  
  19  1:40  Drone  
  20  1:51  Overlord  
  20  2:02  Zergling x4  
  20  2:04  Queen  
  20  2:06  Queen  
  26  2:13  Drone x2  
  28  2:28  Drone x2  
  30  2:40  Zergling x2  
  31  2:46  Drone  
  31  2:47  Drone x2  
  34  2:53  Queen  
  34  2:56  Overlord  
  36  2:59  Overlord  
  36  3:11  Overlord  
  36  3:13  Overlord  
  36  3:23  Lair  
  36  3:24  Metabolic Boost  
  36  3:30  Drone  
  36  3:31  Drone, Baneling Nest  
  36  3:32  Hatchery  
  36  3:33  Drone  
  37  3:42  Queen  
  39  3:49  Drone x4  
  39  3:51  Drone  
  44  4:05  Drone x5  
  49  4:14  Drone x3  
  49  4:15  Evolution Chamber  
  51  4:17  Evolution Chamber  
  51  4:22  Centrifugal Hooks  
  50  4:25  Drone  
  50  4:26  Drone x2  
  50  4:27  Hydralisk Den  
  50  4:29  Drone  
  53  4:33  Extractor  
  52  4:41  Extractor  
  52  4:42  Extractor  
  50  4:54  Roach Warren  
  49  5:01  Drone x3  
  49  5:03  Drone x2  
  49  5:04  Drone  
  55  5:07  Grooved Spines  
  55  5:18  Zergling x2  
  55  5:20  Hydralisk  
  55  5:21  Hydralisk  
  58  5:23  Overlord  
  58  5:26  Overlord  
  58  5:27  Overlord  
  60  5:35  Glial Reconstitution  
  60  5:43  Overlord  
  60  5:49  Hydralisk  
  60  5:50  Hydralisk  
  60  5:52  Overlord  
  60  5:54  Overlord  
  60  5:56  Overlord  
  64  5:57  Muscular Augments  
  64  5:58  Overseer  
  64  6:08  Hydralisk  
  64  6:09  Hydralisk, Roach x2  
  64  6:10  Roach  
  74  6:18  Queen  
  74  6:19  Queen x2  
  80  6:39  Hydralisk x4  
  86  6:40  Roach x4  
  92  7:07  Drone x12  
  104  7:17  Overlord  
  104  7:18  Overlord  
  104  7:20  Pneumatized Carapace  
  102  7:30  Zerg Missile Weapons Level 1  
  102  7:31  Zerg Melee Weapons Level 1  
  102  7:34  Overseer  
  102  7:35  Overseer  
  102  7:41  Extractor  
  101  7:44  Drone x10  
  101  7:45  Extractor  
  110  8:01  Extractor, Hatchery  
  108  8:38  Overlord, Lurker Den  
  108  8:39  Overlord  
  107  8:41  Overseer  
  103  9:01  Zergling x26  
  103  9:02  Zergling x12  
  122  9:16  Drone x8  
  130  9:20  Baneling  
  130  9:21  Baneling x23  
  130  9:22  Baneling x3  
  128  9:34  Hydralisk x3  
  128  9:35  Hydralisk x2  
  128  9:38  Zerg Missile Weapons Level 2  
  138  9:40  Queen  
  140  9:50  Overlord x3  
  141  9:52  Zergling x2  
  141  9:53  Zergling x6  
  87  10:24  Zergling x18  
  87  10:25  Zergling x20  
  97  10:33  Overseer  
  92  10:37  Drone x4  
  92  10:38  Drone x4  
  100  10:48  Overseer x2  
  100  10:51  Baneling  
  100  10:52  Baneling x15  
  100  10:53  Baneling x9  
  100  11:16  Drone x3  
  100  11:17  Drone x2  
  100  11:18  Drone x2  
  101  11:20  Extractor  
  101  11:25  Hydralisk x5  
  97  11:32  Hatchery  
  104  11:37  Zerg Melee Weapons Level 2  
  104  11:43  Infestation Pit  
  103  11:54  Zerg Ground Armor Level 1  
  103  11:59  Drone x3  
  106  12:01  Spore Crawler x2  
  106  12:02  Spine Crawler  
  103  12:10  Extractor  
  103  12:11  Lurker x4  
  103  12:12  Lurker, Hatchery  
  103  12:13  Extractor  
  103  12:15  Roach x5  
  115  12:16  Hydralisk  
  115  12:17  Hydralisk x11  
  129  13:11  Roach x12  
  129  13:12  Roach x7  
  130  13:53  Zergling x14  
  130  13:54  Zergling x26  
  139  14:01  Queen  
  131  14:05  Zergling x2  
  131  14:06  Roach x3  
  136  14:29  Spawning Pool  
  135  14:42  Roach  
  135  14:43  Roach x7  
  151  15:08  Drone x3  
  151  15:09  Overlord  
  151  15:10  Overlord x6  
  151  15:11  Overlord  
  116  15:34  Drone x4  
  116  15:35  Drone x5  
  125  15:47  Drone x6  
Show
View Real Time Build Order
Export as new Build Order

Bertxi Terran 

Build Orders:  

Get SALT Encoding   

  12  0:01  SCV  
  13  0:14  SCV  
  14  0:18  Supply Depot  
  14  0:26  SCV  
  15  0:40  SCV  
  15  0:42  Barracks  
  16  0:48  Refinery  
  16  0:52  SCV  
  17  1:04  SCV  
  18  1:17  SCV  
  19  1:32  Orbital Command  
  19  1:33  Barracks Reactor  
  19  1:40  Command Center  
  19  1:56  Refinery  
  19  1:59  SCV  
  20  2:02  Supply Depot  
  20  2:09  Marine  
  20  2:10  Marine  
  20  2:13  Bunker  
  20  2:14  SCV  
  23  2:27  Marine x2  
  25  2:31  Factory  
  24  2:38  SCV  
  25  2:47  Marine x2  
  27  2:51  Orbital Command  
  27  2:58  SCV  
  28  3:05  Marine x2  
  29  3:11  Supply Depot  
  30  3:16  Factory Reactor  
  30  3:22  SCV  
  30  3:23  Marine  
  32  3:29  SCV  
  33  3:35  SCV  
  33  3:38  Supply Depot  
  34  3:47  SCV  
  35  3:51  Command Center  
  35  3:56  Hellion  
  35  3:58  Hellion  
  39  4:05  SCV, Starport  
  39  4:08  SCV  
  41  4:15  Supply Depot  
  41  4:18  SCV  
  41  4:20  SCV  
  41  4:22  Hellion x2  
  47  4:30  SCV  
  48  4:32  SCV, Refinery  
  48  4:36  Supply Depot  
  49  4:48  Supply Depot  
  49  4:50  SCV  
  49  4:51  Medivac  
  52  4:54  Hellion  
  52  4:55  Hellion, Marine x2  
  58  5:02  SCV  
  58  5:03  SCV  
  60  5:15  SCV, Engineering Bay x2  
  60  5:20  SCV  
  60  5:21  Orbital Command  
  62  5:23  Hellion  
  64  5:29  Armory  
  64  5:30  SCV  
  65  5:38  SCV  
  65  5:39  Starport Reactor  
  65  5:42  SCV  
  67  5:49  Barracks, Orbital Command  
  67  5:53  Barracks  
  67  5:54  SCV x2  
  67  5:57  Terran Infantry Weapons Level 1  
  69  5:59  Terran Infantry Armor Level 1  
  69  6:05  Widow Mine x2  
  69  6:06  SCV  
  69  6:07  SCV  
  69  6:08  Marine x2  
  77  6:16  Refinery  
  77  6:18  Missile Turret, SCV  
  77  6:19  SCV  
  77  6:21  Missile Turret  
  79  6:26  Supply Depot  
  79  6:28  Supply Depot  
  79  6:31  SCV  
  80  6:34  Marine  
  80  6:35  Marine  
  82  6:45  Barracks Tech Lab x2, Medivac  
  82  6:46  Medivac  
  88  6:47  Widow Mine x2  
  88  6:52  Marine  
  74  7:03  Marine x3  
  74  7:05  Stimpack  
  74  7:06  Orbital Command  
  78  7:08  SCV  
  78  7:10  Marine  
  77  7:20  SCV  
  74  7:31  SCV  
  75  7:40  SCV  
  75  7:41  SCV  
  77  7:46  Marine  
  77  7:47  Marine x2  
  80  7:52  SCV  
  80  7:53  SCV  
  80  7:54  Medivac  
  80  7:55  Widow Mine x2, Medivac  
  80  7:56  Barracks  
  80  7:57  Barracks, Terran Infantry Weapons Level 2, Terran Infantry Armor Level 2  
  90  8:04  SCV  
  89  8:09  Marauder x2, Marine x2  
  89  8:10  Combat Shield  
  92  8:18  SCV  
  93  8:34  Marine x4  
  93  8:36  Widow Mine x2  
  101  8:42  Medivac x2  
  103  8:52  Marine x2  
  103  8:53  Marine x3  
  103  8:54  Marine  
  102  8:59  Terran Vehicle Weapons Level 1, Factory  
  102  9:01  SCV  
  102  9:02  SCV  
  100  9:10  Marine x2  
  100  9:13  SCV  
  100  9:14  SCV  
  100  9:16  Barracks Reactor x2  
  104  9:17  Concussive Shells  
  104  9:18  Medivac x2  
  104  9:19  Widow Mine  
  110  9:25  Supply Depot  
  110  9:26  Supply Depot  
  110  9:32  Command Center  
  110  9:37  Command Center  
  110  9:44  Factory Tech Lab  
  110  9:46  SCV, Marine x2  
  110  9:47  Widow Mine, Marauder  
  110  9:48  Marauder  
  110  9:50  Supply Depot  
  110  9:52  Marine  
  119  9:57  Marine  
  119  9:59  Marine, SCV  
  122  10:03  Marine  
  122  10:04  Marine x2  
  91  10:08  Marauder  
  91  10:09  Marauder  
  91  10:10  Marine  
  83  10:15  Marine  
  83  10:17  Marine  
  76  10:21  Marine  
  76  10:22  Marine x2  
  76  10:28  Marine  
  71  10:30  Marine, Marauder  
  71  10:33  Marine  
  71  10:35  Marine  
  76  10:39  Marine  
  76  10:40  Marine x2  
  76  10:42  SCV  
  81  10:46  Marine  
  78  10:54  Widow Mine  
  78  10:56  Marine x2  
  82  10:57  Marine  
  83  11:08  SCV  
  83  11:09  SCV  
  83  11:21  SCV  
  72  11:44  Supply Depot  
  72  11:45  Supply Depot  
  72  11:48  Planetary Fortress  
  72  11:51  Marauder x2, Marine x3  
  72  11:52  Marine x3  
  82  11:54  SCV  
  83  12:08  Supply Depot  
  83  12:09  Supply Depot, Marine x4  
  83  12:10  Marine  
  83  12:12  SCV  
  83  12:14  SCV  
  90  12:22  Orbital Command  
  90  12:24  Marauder, SCV  
  90  12:27  SCV  
  94  12:31  Siege Tank  
  94  12:36  SCV  
  98  12:39  SCV  
  98  12:40  Marine x2  
  98  12:41  Marine x2  
  103  12:44  SCV  
  103  12:48  SCV  
  105  12:51  SCV  
  105  12:56  SCV  
  101  13:00  SCV  
  102  13:12  SCV  
  102  13:24  SCV  
  87  13:55  Marine x7  
  66  13:56  Marine  
  70  14:13  Marine x8  
  67  14:30  Marine  
  67  14:31  Marine x7  
  67  14:39  Orbital Command  
  65  14:48  Marine  
  65  14:49  Marine x7  
  73  15:06  Marine  
  74  15:14  Marine x6  
  68  15:18  Marine  
  58  15:24  Marine  
  53  15:31  Marine  
  54  15:57  Marine x4  
Tags
 
Composition
Lurkers
Matchup
TvZ
Replay Pack
Multiplayer
Spawn Locations
Cross Positions
Add a new tag
Caveats
  • Supply blocks, unpowered buildings, or Contaminate may cause inaccurate times.
  • Supply counts are checked every 10 seconds.